 Dungeon Crawl Stone Soup version 0.14-b1-61-g429ec3a (webtiles) character file.

1971 Yayent the Slasher (level 8, -3/70 HPs)
             Began as a Minotaur Paladin on Oct 16, 2014.
             Was a Believer of the Shining One.
             Slain by a wight
             ... wielding a +0,+0 battleaxe
              (13 damage)
             ... on Level 7 of the Dungeon.
             The game lasted 00:29:23 (5903 turns).

Yayent the Slasher (Minotaur Paladin)               Turns: 5903, Time: 00:29:23

HP  -3/70        AC  9     Str 20      XL: 8   Next: 61%
MP   7/10        EV  8     Int  7      God: the Shining One [**....]
Gold 382         SH 31     Dex 11      Spells:  0 memorised,  7 levels left

rFire  + . .     SeeInvis .     q - +1,+0 long sword
rCold  . . .     Clarity  .     u - +1 ring mail {rF+}
rNeg   + . .     Conserve .     c - +0 shield
rPois  .         rCorr    .     (helmet restricted)
rElec  .                        rSlow .
                                (no cloak)
SustAb . .       Spirit   .     g - +1 pair of gloves
rMut   .         Warding  .     (no boots)
Saprov . . .     Stasis   .     (no amulet)
MR     +....                    (no ring)
                                B - ring of protection from magic

@: slightly contaminated, glowing, drained, somewhat resistant to hostile
enchantments, extremely unstealthy
A: retaliatory headbutt, horns 2
a: Divine Shield, Renounce Religion


You were on level 7 of the Dungeon.
You worshipped the Shining One.
The Shining One was pleased with you.
You were not hungry.

You visited 1 branch of the dungeon, and saw 7 of its levels.

You collected 382 gold pieces.

Inventory:

Hand weapons
 q - a +1,+0 long sword (weapon)
Missiles
 b - 5 tomahawks (quivered)
 m - 14 stones
Armour
 c - a +0 shield (worn)
 g - a +1 pair of gloves (worn)
 u - a +1 ring mail of fire resistance (worn)
Magical devices
 y - a wand of random effects (17)
Comestibles
 a - a cheese
 f - 3 bread rations
 k - a pear
 E - a chunk of adder flesh
 F - 3 chunks of orc flesh
Scrolls
 l - a scroll of recharging {unknown}
 n - a scroll of enchant armour
 o - 2 scrolls of remove curse
 s - 6 scrolls of identify
 v - a scroll of enchant weapon I
 z - a scroll of blinking
Jewellery
 j - an uncursed ring of fire
 w - an uncursed ring of wizardry {unknown}
 B - a ring of protection from magic (left hand)
Potions
 d - 2 potions of curing
 e - a potion of brilliance {unknown}
 h - 3 potions of invisibility {unknown}
 i - a potion of restore abilities {unknown}
 p - a potion of cure mutation {unknown}
 r - a potion of berserk rage {unknown}
 t - 2 potions of agility
 x - a potion of heal wounds {unknown}
 C - a potion of degeneration {unknown}


   Skills:
 + Level 6.3(6.0) Fighting
 + Level 6.4(6.1) Long Blades
 + Level 6.4(6.1) Armour
 + Level 5.9(5.6) Shields
 - Level 5.0(4.7) Invocations


You had 7 spell levels left.
You didn't know any spells.

Dungeon Overview and Level Annotations

Branches:
Dungeon (7/15)             Temple (0/1) D:4

Altars:
Ashenzari
Fedhas
Sif Muna


Innate Abilities, Weirdness & Mutations

You reflexively headbutt those who attack you in melee.
You have a pair of horns on your head.


Message History

You slash the wight!
You destroy the wight!
The Shining One accepts your kill. The wight hits you with a battleaxe.
You completely miss the wight. You headbutt the wight.
The wight is lightly damaged.
The wight hits you with a battleaxe.
You hit the wight but do no damage. Your headbutt misses the wight.
The wight is lightly damaged.
The wight hits you with a battleaxe!
You slash the wight!
The wight is severely damaged.
The wight hits you with a battleaxe!
* * * LOW HITPOINT WARNING * * *
You partially resist.
You feel drained.
* * * LOW HITPOINT WARNING * * *
Use which ability? (? or * to list)
Your shield is strengthened by the Shining One's divine power.
You feel slightly more hungry. The wight hits you with a battleaxe!
You die...

#..(....#
#.......##
#........##
#..(......#
#..(.....##
#..(....## #
#....[..#
#....#..)z...#
#......@....###
###......<..(.#
##.............#
##...........##
#.......##.##
###...### ##
#...## ##.## ###


You could see a wight.

Vanquished Creatures
  2 ice beasts
  A black bear (D:5)
  A centaur (D:5)
  A phantom (D:6)
  2 ogres
  Sigmund (D:6)
  A big kobold (D:4)
  A giant frog (D:5)
  A water moccasin zombie (D:6)
  A scorpion (D:5)
  A wight (D:7)
  A goliath beetle (D:6)
  A centaur skeleton (D:6)
  2 iguanas
  An orc wizard (D:4)
  6 worker ants
  A hound skeleton (D:6)
  4 gnolls (D:6)
  An orc zombie (D:6)
  A worker ant zombie (D:5)
  14 adders
  3 shadow imps
  A giant mite (D:4)
  An adder skeleton (D:4)
  2 giant eyeballs
  6 giant geckos
  An ooze (D:4)
  12 orcs
  4 giant cockroaches
  A gnoll skeleton (D:4)
  8 hobgoblins
  3 jackals
  29 kobolds
  13 bats
  7 giant newts
  7 goblins
  A hobgoblin skeleton (D:5)
  2 quokkas
  6 rats
  A plant (D:4)
153 creatures vanquished.

Notes
Turn   | Place    | Note
--------------------------------------------------------------
     0 | D:1      | Yayent, the Minotaur Paladin, began the quest for the Orb.
     0 | D:1      | Reached XP level 1. HP: 18/18 MP: 1/1
   110 | D:1      | Acquired the Shining One's first power
   426 | D:1      | Reached XP level 2. HP: 23/25 MP: 1/1
   752 | D:2      | Reached skill level 3 in Armour
   984 | D:2      | Reached XP level 3. HP: 30/30 MP: 3/3
  1185 | D:2      | Reached XP level 4. HP: 38/38 MP: 3/3
  1716 | D:3      | Noticed an ogre
  1741 | D:3      | Killed an ogre
  1741 | D:3      | Reached skill level 4 in Long Blades
  1741 | D:3      | Reached XP level 5. HP: 10/45 MP: 4/4
  2735 | D:4      | Found a staircase to the Ecumenical Temple.
  2816 | D:4      | Reached XP level 6. HP: 39/52 MP: 6/6
  3577 | D:5      | Entered Level 5 of the Dungeon
  3719 | D:5      | Acquired the Shining One's second power
  3927 | D:5      | Reached XP level 7. HP: 50/60 MP: 7/7
  3954 | D:5      | Reached skill level 5 in Long Blades
  3954 | D:5      | Reached skill level 5 in Armour
  4413 | D:5      | Found a shattered altar of Ashenzari.
  4417 | D:5      | Paralysed by a giant eyeball for 2 turns
  4421 | D:5      | Found a deep blue altar of Sif Muna.
  4424 | D:5      | Reached skill level 5 in Fighting
  4425 | D:5      | Found a blossoming altar of Fedhas.
  4553 | D:6      | Noticed Sigmund
  4642 | D:5      | Reached skill level 5 in Shields
  4647 | D:5      | Reached XP level 8. HP: 15/69 MP: 6/9
  4891 | D:6      | Paralysed by a giant eyeball for 2 turns
  4897 | D:6      | Paralysed by a giant eyeball for 4 turns
  4929 | D:6      | Reached skill level 6 in Long Blades
  5468 | D:6      | Killed Sigmund
  5468 | D:6      | Reached skill level 5 in Invocations
  5733 | D:6      | Got an encrusted cutlass
  5847 | D:6      | Identified the +9,+9 cutlass of Intonami {drain, Contam +Blink rPois EV+1 SInv} (You found it on level 6 of the Dungeon)
  5903 | D:7      | Slain by a wight

Action                   |  1- 3 |  4- 6 |  7- 9 || total
-------------------------+-------+-------+-------++-------
Melee: Falchion          |    80 |    15 |       ||    95
       Long sword        |       |   173 |   198 ||   371
Throw: Stone             |     5 |    13 |       ||    18
       Tomahawk          |       |       |    18 ||    18
Invok: Divine Shield     |       |       |     2 ||     2
Evoke: Wand              |       |     1 |       ||     1
  Use: Scroll            |       |    11 |     1 ||    12
       Potion            |       |     1 |       ||     1
